 Dungeon Crawl Stone Soup version 0.31.0-11-ge490571c62 (webtiles) character file.

Game seed: 13850498437780876119

315 mandarbmax the Cutter (level 6, -3/37 HPs)
             Began as a Kobold Fighter on Feb 3, 2024.
             Splashed by a jelly's acid (5 damage)
             ... on level 5 of the Dungeon.
             The game lasted 00:06:48 (4212 turns).

mandarbmax the Cutter (Kobold Fighter)              Turns: 4212, Time: 00:06:49

Health: -3/37      AC:  2    Str: 14    XL:     6   Next: 72%
Magic:  6/6        EV: 10    Int:  9    God:
Gold:   267        SH:  5    Dex: 16    Spells: 5/5 levels left

rFire   . . .        f - +2 dagger (venom)
rCold   . . .        c - +0 buckler
rNeg    . . .        b - +0 scale mail
rPois   .            (helmet currently unavailable)
rElec   .            (cloak currently unavailable)
rCorr   .            (gloves currently unavailable)
SInv    .            (boots currently unavailable)
Will    .....        (no amulet)
Stlth   +            (no ring)
HPRegen 0.26/turn    (no ring)
MPRegen 0.10/turn

%: no passive effects
@: beast-form, corroded
A: beast (slay +1), small, no large weapons, nightstalker 3
a: Begin Untransformation


You were on level 5 of the Dungeon.
You were a hulking beast.
You visited 1 branch of the dungeon, and saw 5 of its levels.

You collected 267 gold pieces.

Inventory:

Hand Weapons
 a - a +0 rapier
 f - a +2 dagger of venom (weapon)
Armour
 b - a +0 scale mail (worn)
 c - a +0 buckler (worn)
 k - a +0 cloak
Talismans
 i - a beast talisman (active)
Wands
 d - a wand of paralysis (7)
Scrolls
 e - a scroll of fear {unknown}
 h - a scroll of silence
 j - a scroll of poison
 o - 2 scrolls of vulnerability {unknown}
 p - a scroll of identify
 q - a scroll of blinking {unknown}
Potions
 g - 3 potions of lignification {unknown}
 l - 2 potions of resistance {unknown}
 m - a potion of might
 n - a potion of haste


   Skills:
 - Level 3.2 Fighting
 * Level 7.0 Short Blades
 - Level 2.4 Armour
 - Level 3.0 Shields
 + Level 2.6 Shapeshifting


You had 5 spell levels left.
You didn't know any spells.
Your spell library contained the following spells:

 Spells                   Type           Power      Damage    Failure   Level
 Slow                     Hex            0%         N/A       92%         1
 Confusing Touch          Hex            0%         N/A       100%        3
 Sigil of Binding         Hex            0%         N/A       100%        3
 Vampiric Draining        Necr           0%         2d6       100%        3


Dungeon Overview and Level Annotations

Branches:
Dungeon (5/15)
 Temple: D:4-7

Altars:
Ashenzari
Kikubaaqudgha
Makhleb
Ru
Sif Muna
The Shining One

Shops:
D:1 [

Annotations:
D:3 1 runed translucent door, Bravepunisher's ghost, weakling SpMo


Innate Abilities, Weirdness & Mutations

You are a hulking beast.
Your limbs bulge with bestial killing power. (Slay +1)
You are small and have problems with some larger weapons.
You are completely attuned to the shadows.


Message History

HP restored.
You now have 254 gold pieces (gained 11).
You now have 267 gold pieces (gained 13).
Found 5 stones.
A jelly comes into view.
The jelly quivers.
A jelly is nearby!
The jelly closely misses you.
You hit the jelly.
Your hands burn!
The jelly is moderately wounded.
You block the jelly's attack.
You hit the jelly.
Your hands burn!
The jelly is moderately wounded.
The jelly barely misses you.
You hit the jelly.
Your hands burn!
The jelly is heavily wounded.
You hit the jelly. The acid corrodes you!
Your hands burn!
The jelly is almost dead.
The jelly hits you.
You are splashed with acid!
You are too injured to fight recklessly!
You are too injured to fight recklessly!
You are too injured to fight recklessly!
You are too injured to fight recklessly!
You are too injured to fight recklessly!
You are too injured to fight recklessly!
You are too injured to fight recklessly!
You are too injured to fight recklessly!
You are too injured to fight recklessly!
You are too injured to fight recklessly!
A jelly is nearby!
A jelly is nearby!
You are too injured to fight recklessly!
You hit the jelly.
The jelly is poisoned.
Your hands burn!
The jelly is almost dead.
The jelly hits you.
* * * LOW HITPOINT WARNING * * *
You are splashed with acid!
* * * LOW HITPOINT WARNING * * *
You hit the jelly but do no damage.
Your hands burn!
You die...

####..#..........##
###..#..##.#........#
#.........##.....##.#
#.........###....#
...
#.........#####..# ..
##(..#..........##
#######............
#...#......###...
...Jh..#..## ..#
......##..# ..
#..#### ###


You could see a jelly (very poisoned).

Vanquished Creatures
  A black bear (D:4)
  An orc priest (D:4)
  A hound (D:4)
  A sleepcap (D:4)
  Ijyb (D:3)
  4 adders
  A dart slug (D:4)
  A ribbon worm (D:2)
  5 orcs
  A ball python (D:4)
  2 endoplasms (D:2)
  3 giant cockroaches
  6 goblins
  11 hobgoblins
  8 jackals
  10 kobolds
  2 quokkas
  2 bats
  2 frilled lizards
  7 rats
70 creatures vanquished.

Notes
Turn   | Place    | Note
-------+----------+-------------------------------------------
     0 | D:1      | mandarbmax the Kobold Fighter began the quest for the Orb.
     0 | D:1      | Reached XP level 1. HP: 14/14 MP: 1/1
    52 | D:1      | Reached skill level 3 in Short Blades
    64 | D:1      | Reached XP level 2. HP: 18/19 MP: 2/2
   574 | D:1      | Found Pawubick's Armour Emporium.
  1092 | D:2      | Reached XP level 3. HP: 22/23 MP: 3/3
  1217 | D:2      | Reached skill level 4 in Short Blades
  1580 | D:2      | Reached XP level 4. HP: 20/28 MP: 4/4
  2149 | D:3      | Found a shimmering blue altar of Sif Muna.
  2361 | D:3      | Noticed Ijyb
  2376 | D:3      | Killed Ijyb
  2377 | D:3      | Reached skill level 1 in Shapeshifting
  2506 | D:3      | Found a glowing golden altar of the Shining One.
  2551 | D:3      | Found an ancient bone altar of Kikubaaqudgha.
  2570 | D:3      | Found a runed translucent door.
  2571 | D:3      | Noticed Bravepunisher's ghost (weakling SpMo)
  2582 | D:3      | Found a burning altar of Makhleb.
  2898 | D:4      | Found a broken altar of Ashenzari.
  2904 | D:4      | Found a sacrificial altar of Ru.
  3006 | D:4      | Reached skill level 5 in Short Blades
  3006 | D:4      | Reached XP level 5. HP: 30/32 MP: 5/5
  3303 | D:4      | Noticed a black bear
  3322 | D:4      | Killed a black bear
  3323 | D:4      | Reached skill level 6 in Short Blades
  3323 | D:4      | Reached XP level 6. HP: 12/37 MP: 6/6
  4148 | D:5      | Entered Level 5 of the Dungeon
  4152 | D:5      | Reached skill level 7 in Short Blades
  4212 | D:5      | Splashed by a jelly's acid

Illustrated notes

Levels and vault maps discovered:
D:1:      eino_arrival_water_cross, layout_basic, serial_shops, shop,
          chequers_serial_rivers_room_a
D:2:      layout_loops_corners
D:3:      layout_rooms, lemuel_round_altar, led_sif_book,
          mainiacjoe_overflow_surrounded_room, mainiacjoe_overflow_chevrons,
          serial_rivers, chequers_serial_rivers_micro_e,
          chequers_serial_rivers_small_b, chequers_serial_rivers_room_a,
          chequers_serial_rivers_micro_d, chequers_serial_rivers_micro_b,
          chequers_serial_rivers_micro_d, gammafunk_ghost_grave, uniq_ijyb
D:4:      layout_loops_cross, chequers_temple_overflow_statue_of_worship,
          serial_rivers, chequers_serial_rivers_micro_b,
          chequers_serial_rivers_small_b, chequers_serial_rivers_room_a,
          chequers_serial_rivers_small_a, chequers_serial_rivers_small_3,
          chequers_serial_rivers_marsh
D:5:      layout_cave_pools, mainiacjoe_overflow_tiny_flanked,
          lemuel_doored_altar

Skill      XL: |  1  2  3  4  5  6 |
---------------+-------------------+-----
Short Blades   | 3 4 5 6 7 |  7.0
Shields        | 3 |  3.0
Shapeshifting  | 1 2 |  2.6
Fighting       | |  3.2
Armour         | |  2.4

Action                     |  1- 3 |  4- 6 || total
---------------------------+-------+-------++-------
  Melee: Rapier            |   113 |    55 ||   168
         Dagger            |       |    84 ||    84
    Use: Potion            |       |     6 ||     6
         Scroll            |       |     4 ||     4
   Stab: Sleeping          |       |     2 ||     2
 Armour: Scale mail        |    53 |    79 ||   132
  Dodge: Dodged            |    62 |    59 ||   121
  Block: Buckler           |    22 |    30 ||    52
   Form: Beast             |     1 |       ||     1
